 Dungeon Crawl Stone Soup version 0.30-a0-782-ge64f9170bb (webtiles) character file.

Game seed: 8809228684771697864

173 Flugkiller the Trooper (level 5, 0/35 HPs)
             Began as a Deep Elf Chaos Knight on Mar 2, 2023.
             Was a Plaything of Xom.
             Splashed by a jelly's acid (10 damage)
             ... on level 5 of the Dungeon.
             The game lasted 00:02:54 (2478 turns).

Flugkiller the Trooper (Deep Elf Chaos Knight)      Turns: 2478, Time: 00:02:55

Health: 0/35       AC: -5    Str:  9    XL:     5   Next: 28%
Magic:  7/7        EV: 12    Int: 17    God:    Xom [.*....]
Gold:   155        SH:  0    Dex: 16    Spells: 4/4 levels left

rFire   . . .      SeeInvis .    e - +1 short sword (venom)
rCold   . . .      Faith    .    s - orb {light}
rNeg    . . .      Spirit   .    n - +0 troll leather armour
rPois   .          Reflect  .    (no helmet)
rElec   .          Harm     .    p - +0 cloak
rCorr   .          Rampage  .    (no gloves)
Will    .....                    g - +0 pair of boots
Stlth   +                        d - amulet of regeneration
HPRegen 1.85/turn                (no ring)
MPRegen 0.10/turn                (no ring)

@: corroded, glowing
A: no striking features
a: Renounce Religion


You were on level 5 of the Dungeon.
You worshipped Xom.
You were a plaything of Xom.
You visited 1 branch of the dungeon, and saw 5 of its levels.

You collected 155 gold pieces.

Inventory:

Hand Weapons
 e - a +1 short sword of venom (weapon)
   (You took it off an orc on level 5 of the Dungeon)
 j - a +0 hand axe of venom
   (You found it on level 2 of the Dungeon)
 A - a +0 long sword
   (You found it on level 4 of the Dungeon)
Armour
 b - a +2 leather armour
 g - a +0 pair of boots (worn)
   (You found it on level 1 of the Dungeon)
 l - the +2 robe of the Sneaky Scars {rElec Int+7 Stlth+}
   (You found it on level 2 of the Dungeon)

   Int:       It affects your intelligence (+7).
   rElec:     It insulates you from electricity.
   Stlth:     It makes you more stealthy.
 n - a +0 troll leather armour (worn)
   (You found it on level 2 of the Dungeon)
 p - a +0 cloak (worn)
   (You took it off Crazy Yiuf on level 2 of the Dungeon)
 s - an orb of light (worn)
   (You found it on level 3 of the Dungeon)
Jewellery
 d - an amulet of regeneration (around neck)
   (You found it on level 1 of the Dungeon)
 v - a +6 ring of dexterity
   (You found it on level 4 of the Dungeon)
Scrolls
 f - 2 scrolls of amnesia
 t - a scroll of teleportation
 x - a scroll of brand weapon
 y - a scroll of torment {unknown}
 z - a scroll of fog {unknown}
 D - a scroll of enchant armour {unknown}
Potions
 i - 2 potions of attraction {unknown}
 k - a potion of brilliance {unknown}
 o - 2 potions of lignification {unknown}
 q - 6 potions of curing
 u - 2 potions of berserk rage
 w - a potion of heal wounds
 B - a potion of haste {unknown}
 C - a potion of degeneration {unknown}
Miscellaneous
 c - a piece from Xom's chessboard (15/15) (quivered)
 m - a phantom mirror
   (Xom gifted it to you on level 2 of the Dungeon)


   Skills:
 + Level 5.0 Fighting
 - Level 3.0 Short Blades
 - Level 0.7 Armour
 - Level 2.4 Dodging


You had 4 spell levels left.
You didn't know any spells.
Your spell library contained the following spells:

 Spells                   Type           Power      Damage    Failure   Level
 Lesser Beckoning         Tloc           0%         N/A       43%         2
 Gell's Gravitas          Tloc           0%         N/A       67%         3
 Teleport Other           Tloc           0%         N/A       67%         3


Dungeon Overview and Level Annotations

Branches:
Dungeon (5/15) Zot: 26924  Temple (0/1) D:5

Altars:
Uskayaw


Message History

There is a stone staircase leading up here.
As you read the scroll labelled IRISTR POLYEGHUTZ, it crumbles to dust.
It is a scroll of identify.
e - 6 potions of curing;
q - 6 potions of curing
e - a scroll labelled FUURCH TOMAH;
r - 3 scrolls of identify
t - an inky potion
As you read the scroll of identify, it crumbles to dust.
u - 2 potions of berserk rage
As you read the scroll of identify, it crumbles to dust.
k - a scroll of teleportation;
t - a scroll of teleportation
k - an inky potion
As you read the scroll of identify, it crumbles to dust.
x - a scroll of brand weapon
As you read the scroll labelled FUURCH TOMAH, it crumbles to dust.
You assume a fearsome visage.
Nothing appears to happen.
It was a scroll of fear.
Unknown command.
You start waiting.
Done waiting.
(D) Dungeon
Where to? (Enter - D:4 @ (x,y), ? - help)
There is a stone staircase leading down here.
You climb downwards.
Found a staircase to the Ecumenical Temple and a stone staircase leading down.
There is a stone staircase leading up here.
An orc is nearby!
Unknown command.
Okay, then.
An orc comes into view.
It is wielding a +1 short sword of venom.
The orc shouts!
You hear a shout! x2
There is a staircase to the Ecumenical Temple here.
An orc comes into view. It is wielding a +0 hand axe.
An orc comes into view. It is wielding a +0 club.
The orc completely misses you.
You hit the orc but do no damage.
The orc is poisoned.
The orc closely misses you.
You hit the orc but do no damage.
The orc looks as sick as possible!
The orc is lightly wounded.
You kill the orc!
The orc closely misses you.
You hit the orc.
The orc is poisoned.
The orc is heavily wounded.
An orc comes into view. It is wielding a +0 dagger.
The orc barely misses you.
You hit the orc.
You kill the orc!
You hit the orc.
The orc is poisoned.
The orc hits you but does no damage. The orc hits you with a +0 hand axe.
The orc throws a boomerang.
The boomerang misses you.
Your Fighting skill increases to level 5!
You hit the orc.
You kill the orc!
You hit the orc.
The orc is poisoned.
The orc hits you but does no damage.
You hit the orc.
You kill the orc!
You hit the orc.
The orc is poisoned.
The orc hits you but does no damage.
You hit the orc.
You kill the orc!
No target in view!
Things that are here:
a +0 club; a +1 short sword of venom; an orc corpse
e - a +1 short sword of venom You drop a +0 short sword of chaos.
You drop a +0 short sword.
You see here a +0 hand axe.
Found a stone staircase leading down.
There is a stone staircase leading down here.
A jelly comes into view.
The jelly quivers.
Your +0 hand axe of venom stops dripping with poison.
Your +1 short sword of venom begins to drip with poison!
e - a +1 short sword of venom (weapon)
You hit the jelly.
Your hands burn!
The jelly is lightly wounded.
The jelly hits you but does no damage.
You hit the jelly but do no damage.
The jelly is poisoned.
Your hands burn!
The jelly is lightly wounded.
The jelly hits you.
You are splashed with acid.
You are too injured to fight recklessly!
You are too injured to fight recklessly!
You hit the jelly. The acid corrodes you!
Your hands burn!
The jelly is heavily wounded.
The jelly hits you but does no damage.
You hit the jelly but do no damage.
The jelly looks even sicker.
The acid corrodes you!
Your hands burn!
The jelly is heavily wounded.
You hit the jelly.
Your hands burn!
The jelly is severely wounded.
The jelly closely misses you.
You hit the jelly but do no damage. The acid corrodes you!
Your hands burn!
The jelly is severely wounded.
The jelly barely misses you.
You hit the jelly.
Your hands burn!
* * * LOW HITPOINT WARNING * * *
The jelly is almost dead.
The jelly hits you.
* * * LOW HITPOINT WARNING * * *
You are splashed with acid!
You die...
Xom snickers!

#######
#.....####
#........
....... .....
... #J# #@#
########.#
#........#
#.######.$...#
#.# #.###.#
#.# #.# #.#
#.# #.# #..
#.# #.# ###
###.# #.#


You could see a jelly (very poisoned).

Vanquished Creatures
  Crazy Yiuf (D:2)
  Jessica (D:3)
  Terence (D:3)
  3 adders
  2 worms
  A dart slug (D:1)
  5 orcs (D:5)
  3 ball pythons (D:1)
  6 bats
  A bat skeleton (D:2)
  2 endoplasms
  6 goblins
  2 hobgoblins (D:3)
  4 quokkas
  A ball python skeleton (D:2)
  5 frilled lizards
  A jackal zombie (D:2)
  4 kobolds
  11 rats
60 creatures vanquished.

Vanquished Creatures (others)
  3 withered plants (D:2)
3 creatures vanquished.

Grand Total: 63 creatures vanquished

Notes
Turn   | Place    | Note
-------+----------+-------------------------------------------
     0 | D:1      | Flugkiller the Deep Elf Chaos Knight began the quest for
                  | the Orb.
     0 | D:1      | Reached XP level 1. HP: 13/13 MP: 3/3
    90 | D:1      | Reached skill level 3 in Fighting
    90 | D:1      | Reached XP level 2. HP: 19/19 MP: 4/4
   497 | D:1      | XOM: silly message
   553 | D:2      | Reached XP level 3. HP: 23/23 MP: 5/5
   589 | D:2      | Found a hide-covered altar of Uskayaw.
   767 | D:2      | Identified the +2 robe of the Sneaky Scars {rElec Int+7
                  | Stlth+}
   807 | D:2      | Found a runed translucent door.
   808 | D:2      | Noticed Crazy Yiuf
   856 | D:2      | XOM: god gift: phantom mirror
  1098 | D:2      | Killed Crazy Yiuf
  1099 | D:2      | Reached skill level 4 in Fighting
  1099 | D:2      | Reached XP level 4. HP: 29/29 MP: 6/6
  1244 | D:3      | Noticed Terence
  1246 | D:3      | Noticed Jessica
  1264 | D:3      | Killed Jessica
  1264 | D:3      | XOM: smoke on damage
  1271 | D:3      | Killed Terence
  1272 | D:3      | Reached XP level 5. HP: 27/34 MP: 7/7
  1308 | D:3      | XOM: 4-stop teleportation journey
  1653 | D:4      | XOM: 5-stop teleportation journey
  1985 | D:4      | XOM: polymorph giant cockroach -> adder
  2404 | D:5      | Entered Level 5 of the Dungeon
  2404 | D:5      | Found a staircase to the Ecumenical Temple.
  2414 | D:5      | Reached skill level 5 in Fighting
  2478 | D:5      | Splashed by a jelly's acid

Illustrated notes

Levels and vault maps discovered:
D:1:      lemuel_arrival_cross, layout_rooms
D:2:      layout_rooms, basic_altar, serial_undead, serial_undead_e,
          serial_undead_b, serial_undead_c, serial_undead_e,
          uniq_crazy_yiuf_cottage
D:3:      layout_basic, uniq_jessica, uniq_terence
D:4:      layout_basic
D:5:      cheibrodos_barr_body, layout_loops_ring,
          minmay_overflow_temple_star_hex, temple_fountains,
          minmay_fire_ice_demons, uniq_pikel, uniq_sigmund

Skill      XL: |  1  2  3  4  5 |
---------------+----------------+-----
Fighting       | 3 4 5 |  5.0
Short Blades   | |  3.0
Armour         | |  0.7
Dodging        | |  2.4

Action                     |  1- 3 |  4- 6 || total
---------------------------+-------+-------++-------
  Melee: Short sword       |    78 |     7 ||    85
         Hand axe          |    48 |    43 ||    91
         Punch             |     1 |     1 ||     2
    Use: Scroll            |       |     6 ||     6
 Armour: Leather armour    |    51 |       ||    51
         Troll leather arm |     5 |    15 ||    20
  Dodge: Dodged            |   112 |    38 ||   150

Table legend: (Time is in decaauts)
 A = Elapsed time spent in this place.
 B = Non-inter-level travel time spent in this place.
 C = Inter-level travel time spent in this place.
 D = Time resting spent in this place.
 E = Time spent auto-exploring this place.
 F = Levels seen in this place.
 G = Mean time per level.
                   A        B        C        D        E       F      G
               +--------+--------+--------+--------+--------+-----+--------+
         Total |   2490 |   2347 |    143 |    134 |   1662 |   5 |  498.0 |
       Dungeon |   2490 |   2347 |    143 |    134 |   1662 |   5 |  498.0 |
               +--------+--------+--------+--------+--------+-----+--------+

Top non-repeatable levels by time:
     D:4: 811 daAuts
     D:2: 652 daAuts
     D:1: 508 daAuts
     D:3: 442 daAuts
     D:5: 74 daAuts
